TOP OF THE 1ST |
Vista Panthers batting - Pitching for Irvine Gang Green : RHP Germán Pérez
|
Pitching: RHP Germán Pérez
|
|
Batting: LHB Bob Cunningham
|
0-0: Swinging Strike 0-1: Ball 1-1: Ball 2-1: Called Strike 2-2: Foul Ball, location: 2F 2-2: Ball 3-2: Foul Ball, location: 2F 3-2: DOUBLE (Flyball, 8RXD)
|
Batting: LHB Patrick Osborne
|
0-0: DOUBLE (Flyball, 7D) Bob Cunningham scores
|
Batting: LHB Brent Alonzo
|
0-0: Called Strike 0-1: Ball 1-1: Ground out 6-3 (Groundball, 6) Patrick Osborne to third
|
Batting: LHB Donovan Bird
|
0-0: Ball 1-0: Ball 2-0: Ball 3-0: Swinging Strike 3-1: Foul Ball, location: 2F 3-2: Base on Balls
|
Batting: SHB Mark Wells
|
0-0: Fielders Choice at 2nd, 4-6 (Groundball, 4M) Patrick Osborne scores
|
Batting: RHB Cisco Gatán
|
0-0: Ball 1-0: Foul Ball, location: 2F 1-1: Ball 2-1: Foul Ball, location: 2F 2-2: Ball 3-2: SINGLE (Line Drive, 9S) Mark Wells to second Mark Wells to third
|
Batting: LHB Francisco Marino
|
0-0: Ball 1-0: Ball 2-0: Foul Ball, location: 2F 2-1: Ball 3-1: Fly out, F8 (Flyball, 8LM)
|
Top of the 1st over - 2 run(s), 3 hit(s), 0 error(s), 2 left on base; Vista 2 - Irvine 0 |
BOTTOM OF THE 1ST |
Irvine Gang Green batting - Pitching for Vista Panthers : RHP Paco Canpos
|
Pitching: RHP Paco Canpos
|
|
Batting: RHB Tom Doherty
|
0-0: Ball 1-0: Foul Ball, location: 2F 1-1: Ground out 6-3 (Groundball, 6D)
|
Batting: LHB Jesús Campos
|
0-0: Called Strike 0-1: Ball 1-1: Ground out 6-3 (Groundball, 4MS)
|
Batting: LHB Víctor Quiñones
|
0-0: Foul Ball, location: 2F 0-1: Called Strike 0-2: Ball 1-2: Ball 2-2: Foul Ball, location: 2F 2-2: Strikes out swinging
|
Bottom of the 1st over - 0 run(s), 0 hit(s), 0 error(s), 0 left on base; Vista 2 - Irvine 0 |
TOP OF THE 2ND |
Vista Panthers batting - Pitching for Irvine Gang Green : RHP Germán Pérez
|
Batting: RHB Roberto Cruz
|
0-0: Foul Ball, location: 2F 0-1: Ball 1-1: Foul Ball, location: 2F 1-2: Ball 2-2: Reached on error, E5 (Groundball, 56)
|
Batting: RHB Justin Burgess
|
0-0: Swinging Strike 0-1: Foul Ball, location: 2F 0-2: Ball 1-2: Foul Ball, location: 2F 1-2: Ball 2-2: Ball 3-2: SINGLE (Groundball, 4MD) Roberto Cruz to third
|
Batting: LHB Bob Cunningham
|
0-0: Foul Ball, location: 2F 0-1: Ball 1-1: Swinging Strike 1-2: Strikes out swinging
|
Batting: LHB Patrick Osborne
|
0-0: Ball 1-0: Swinging Strike 1-1: Called Strike 1-2: Strikes out swinging
|
Batting: LHB Brent Alonzo
|
0-0: Ground out 5-3 (Groundball, 56)
|
Top of the 2nd over - 0 run(s), 1 hit(s), 1 error(s), 2 left on base; Vista 2 - Irvine 0 |
BOTTOM OF THE 2ND |
Irvine Gang Green batting - Pitching for Vista Panthers : RHP Paco Canpos
|
Batting: RHB Buck Jones
|
0-0: Ball 1-0: SINGLE (Groundball, 34D)
|
Batting: LHB Jorge Martínez
|
0-0: Called Strike 0-1: Ball 1-1: Ball 2-1: Called Strike 2-2: Ball 3-2: Strikes out looking
|
Batting: RHB José Salazar
|
0-0: Foul Ball, location: 2F 0-1: Foul Ball, location: 2F 0-2: Foul Ball, location: 2F 0-2: Grounds into double play, 6-4-3 (Groundball, 6)
|
Bottom of the 2nd over - 0 run(s), 1 hit(s), 0 error(s), 0 left on base; Vista 2 - Irvine 0 |
TOP OF THE 3RD |
Vista Panthers batting - Pitching for Irvine Gang Green : RHP Germán Pérez
|
Batting: LHB Donovan Bird
|
0-0: Foul Ball, location: 2F 0-1: DOUBLE (Groundball, 3L)
|
Batting: SHB Mark Wells
|
0-0: Ground out 3-1 (Groundball, 34) Donovan Bird to third
|
Batting: RHB Cisco Gatán
|
0-0: Foul Ball, location: 2F 0-1: Foul Ball, location: 2F 0-2: Foul Ball, location: 2F 0-2: Ball 1-2: Ball 2-2: Foul Ball, location: 2F 2-2: Foul Ball, location: 2F 2-2: Fly out, F9 (Flyball, 9LM) Runner from 3rd tags up, SCORES, throw made
|
Batting: LHB Francisco Marino
|
0-0: Ball 1-0: Ball 2-0: Called Strike 2-1: Ball 3-1: Ground out 4-3 (Groundball, 4)
|
Top of the 3rd over - 1 run(s), 1 hit(s), 0 error(s), 0 left on base; Vista 3 - Irvine 0 |
BOTTOM OF THE 3RD |
Irvine Gang Green batting - Pitching for Vista Panthers : RHP Paco Canpos
|
Batting: LHB Leonardo Medina
|
0-0: Called Strike 0-1: Ball 1-1: Called Strike 1-2: Ball 2-2: Ball 3-2: Ground out 4-3 (Groundball, 4)
|
Batting: LHB Tom Baker
|
0-0: Called Strike 0-1: Ball 1-1: DOUBLE (Line Drive, 9LM)
|
Batting: RHB Aaron Wilson
|
0-0: Called Strike 0-1: Ball 1-1: SINGLE (Line Drive, 9S) Tom Baker to third Runner from 3rd tries for Home, throw and OUT! Aaron Wilson to second
|
Batting: RHB Tom Doherty
|
0-0: Ball 1-0: SINGLE (Flyball, 8LS) Aaron Wilson to third Runner from 3rd tries for Home, SAFE, no throw
|
Batting: LHB Jesús Campos
|
0-0: Ball 1-0: Ball 2-0: Called Strike 2-1: Ball 3-1: Base on Balls Tom Doherty to second
|
Batting: LHB Víctor Quiñones
|
0-0: Called Strike 0-1: Ball 1-1: Ball 2-1: Foul Ball, location: 2F 2-2: Fly out, F9 (Flyball, 9D)
|
Bottom of the 3rd over - 1 run(s), 3 hit(s), 0 error(s), 2 left on base; Vista 3 - Irvine 1 |
TOP OF THE 4TH |
Vista Panthers batting - Pitching for Irvine Gang Green : RHP Germán Pérez
|
Batting: RHB Roberto Cruz
|
0-0: Ball 1-0: Fly out, F2 (Popup, P)
|
Batting: RHB Justin Burgess
|
0-0: Foul Ball, location: 2F 0-1: Ball 1-1: Called Strike 1-2: Ball 2-2: Ball 3-2: Foul Ball, location: 2F 3-2: Strikes out swinging
|
Batting: LHB Bob Cunningham
|
0-0: Ball 1-0: Foul Ball, location: 2F 1-1: Fly out, F8 (Flyball, 78D)
|
Top of the 4th over - 0 run(s), 0 hit(s), 0 error(s), 0 left on base; Vista 3 - Irvine 1 |
BOTTOM OF THE 4TH |
Irvine Gang Green batting - Pitching for Vista Panthers : RHP Paco Canpos
|
Batting: RHB Buck Jones
|
0-0: Ball 1-0: Called Strike 1-1: Ball 2-1: SINGLE (Groundball, 6MD)
|
Batting: LHB Jorge Martínez
|
0-0: Fielders Choice at 2nd, 1-6 (Groundball, 13)
|
Batting: RHB José Salazar
|
0-0: Ball 1-0: Ball 2-0: Foul Ball, location: 2F 2-1: Ball 3-1: Swinging Strike 3-2: Fly out, F6 (Line Drive, 56) Lined into DP, 6-3 (Line Drive, 56)
|
Bottom of the 4th over - 0 run(s), 1 hit(s), 0 error(s), 0 left on base; Vista 3 - Irvine 1 |
TOP OF THE 5TH |
Vista Panthers batting - Pitching for Irvine Gang Green : RHP Germán Pérez
|
Batting: LHB Patrick Osborne
|
0-0: Called Strike 0-1: Swinging Strike 0-2: Ball 1-2: Hit by Pitch
|
Batting: LHB Brent Alonzo
|
0-0: Ball 1-0: Ball 2-0: Called Strike 2-1: Fly out, F7 (Flyball, 78S)
|
Batting: LHB Donovan Bird
|
0-0: Ball 1-0: Ball 2-0: Ball 3-0: Called Strike 3-1: SINGLE (Groundball, 4MD) Patrick Osborne to second Runner from 2nd tries for 3rd, SAFE, throw made to third
|
Batting: SHB Mark Wells
|
0-0: Ball 1-0: Fly out, F3 (Popup, 3L)
|
Batting: RHB Cisco Gatán
|
0-0: Ball 1-0: SINGLE (Groundball, 56D) Patrick Osborne scores Donovan Bird to second
|
Batting: LHB Francisco Marino
|
0-0: Ball 1-0: Ball 2-0: Called Strike 2-1: SINGLE (Line Drive, 34D) Donovan Bird to third Cisco Gatán to second Runner from 3rd tries for Home, SAFE, no throw
|
Pitching: RHP Raúl Saltines
|
|
Batting: RHB Roberto Cruz
|
0-0: Ball 1-0: Ball 2-0: Called Strike 2-1: Ball 3-1: Foul Ball, location: 2F 3-2: Ground out 5-3 (Groundball, 5)
|
Top of the 5th over - 2 run(s), 3 hit(s), 0 error(s), 2 left on base; Vista 5 - Irvine 1 |
BOTTOM OF THE 5TH |
Irvine Gang Green batting - Pitching for Vista Panthers : RHP Paco Canpos
|
Batting: LHB Leonardo Medina
|
0-0: Ball 1-0: Called Strike 1-1: Ball 2-1: Ground out 6-3 (Groundball, 56)
|
Batting: LHB Tom Baker
|
0-0: Called Strike 0-1: Foul Ball, location: 2F 0-2: Ball 1-2: Ball 2-2: SINGLE (Line Drive, 4MD)
|
Batting: RHB Aaron Wilson
|
0-0: Called Strike 0-1: Foul Ball, location: 2F 0-2: Foul Ball, location: 2F 0-2: Foul Ball, location: 2F 0-2: TRIPLE (Flyball, 89M) Tom Baker scores
|
Batting: RHB Tom Doherty
|
0-0: Ground out 6-3 (Groundball, 6S)
|
Batting: LHB Jesús Campos
|
0-0: Ball 1-0: Ball 2-0: Hit by Pitch
|
Batting: LHB Víctor Quiñones
|
0-0: Called Strike 0-1: Ball 1-1: Swinging Strike 1-2: Ball 2-2: Strikes out looking
|
Bottom of the 5th over - 1 run(s), 2 hit(s), 0 error(s), 2 left on base; Vista 5 - Irvine 2 |
TOP OF THE 6TH |
Vista Panthers batting - Pitching for Irvine Gang Green : RHP Raúl Saltines
|
Batting: RHB Justin Burgess
|
0-0: Ball 1-0: Ball 2-0: Ball 3-0: Foul Ball, location: 2F 3-1: TRIPLE (Flyball, 8LXD)
|
Batting: LHB Bob Cunningham
|
0-0: Ball 1-0: Ball 2-0: Foul Ball, location: 2F 2-1: Ball 3-1: Base on Balls
|
Batting: LHB Patrick Osborne
|
0-0: Called Strike 0-1: Fly out, F4 (Popup, 3D)
|
Batting: LHB Brent Alonzo
|
0-0: Ball 1-0: Ball 2-0: Called Strike 2-1: Ball 3-1: Foul Ball, location: 2F 3-2: Fly out, F3 (Popup, 3)
|
Batting: LHB Donovan Bird
|
0-0: Ball 1-0: Ball 2-0: Called Strike 2-1: Ball 3-1: Swinging Strike 3-2: Strikes out looking
|
Top of the 6th over - 0 run(s), 1 hit(s), 0 error(s), 2 left on base; Vista 5 - Irvine 2 |
BOTTOM OF THE 6TH |
Irvine Gang Green batting - Pitching for Vista Panthers : RHP Paco Canpos
|
Pitching: RHP Mitsunari Taguchi
|
|
Batting: RHB Buck Jones
|
0-0: Ball 1-0: Foul Ball, location: 2F 1-1: Ball 2-1: Ground out 5-3 (Groundball, 5)
|
Batting: LHB Jorge Martínez
|
0-0: Called Strike 0-1: Called Strike 0-2: Ball 1-2: Foul Ball, location: 2F 1-2: Ball 2-2: Reached on error, E3 (Groundball, 3)
|
Batting: RHB José Salazar
|
0-0: Ball 1-0: Called Strike 1-1: Ball 2-1: Called Strike 2-2: Ball 3-2: Base on Balls Jorge Martínez to second
|
Batting: LHB Leonardo Medina
|
0-0: Called Strike 0-1: Foul Ball, location: 2F 0-2: Ball 1-2: Grounds into double play, 4-6-3 (Groundball, 4)
|
Bottom of the 6th over - 0 run(s), 0 hit(s), 1 error(s), 1 left on base; Vista 5 - Irvine 2 |
TOP OF THE 7TH |
Vista Panthers batting - Pitching for Irvine Gang Green : RHP Raúl Saltines
|
Batting: SHB Mark Wells
|
0-0: Called Strike 0-1: Ground out 6-3 (Groundball, 6M)
|
Batting: RHB Cisco Gatán
|
0-0: SINGLE (Line Drive, 8RS)
|
Batting: LHB Francisco Marino
|
0-0: Foul Ball, location: 2F 0-1: Ball 1-1: Foul Ball, location: 2F 1-2: Ball 2-2: SINGLE (Groundball, 4MD) Cisco Gatán to second
|
Batting: RHB Roberto Cruz
|
0-0: Called Strike 0-1: Fly out, F7 (Flyball, 78M)
|
Batting: RHB Justin Burgess
|
0-0: Ground out U3 (Groundball, 34)
|
Top of the 7th over - 0 run(s), 2 hit(s), 0 error(s), 2 left on base; Vista 5 - Irvine 2 |
BOTTOM OF THE 7TH |
Irvine Gang Green batting - Pitching for Vista Panthers : RHP Mitsunari Taguchi
|
Batting: LHB Tom Baker
|
0-0: Called Strike 0-1: Called Strike 0-2: Strikes out swinging
|
Batting: RHB Aaron Wilson
|
0-0: Called Strike 0-1: Ground out 4-3 (Groundball, 34)
|
Batting: RHB Tom Doherty
|
0-0: Ball 1-0: Called Strike 1-1: Foul Ball, location: 2F 1-2: Ball 2-2: SINGLE (Groundball, 56D)
|
Batting: LHB Jesús Campos
|
0-0: Ball 1-0: Ground out 1-3 (Groundball, 15S)
|
Bottom of the 7th over - 0 run(s), 1 hit(s), 0 error(s), 1 left on base; Vista 5 - Irvine 2 |
TOP OF THE 8TH |
Vista Panthers batting - Pitching for Irvine Gang Green : RHP Raúl Saltines
|
Batting: LHB Bob Cunningham
|
0-0: Ball 1-0: Swinging Strike 1-1: Foul Ball, location: 2F 1-2: Ball 2-2: Strikes out swinging
|
Pitching: RHP Mike Fisher
|
|
Batting: LHB Patrick Osborne
|
0-0: Ball 1-0: Called Strike 1-1: Foul Ball, location: 2F 1-2: Strikes out looking
|
Batting: LHB Brent Alonzo
|
0-0: Ball 1-0: Fly out, F9 (Flyball, 9LM)
|
Top of the 8th over - 0 run(s), 0 hit(s), 0 error(s), 0 left on base; Vista 5 - Irvine 2 |
BOTTOM OF THE 8TH |
Irvine Gang Green batting - Pitching for Vista Panthers : RHP Mitsunari Taguchi
|
Batting: LHB Víctor Quiñones
|
0-0: Swinging Strike 0-1: Foul Ball, location: 2F 0-2: Foul Ball, location: 2F 0-2: Ground out U3 (Groundball, 34)
|
Batting: RHB Buck Jones
|
0-0: Called Strike 0-1: Called Strike 0-2: Ball 1-2: Fly out, F7 (Flyball, 7D)
|
Batting: LHB Jorge Martínez
|
0-0: Foul Ball, location: 2F 0-1: Ball 1-1: Foul Ball, location: 2F 1-2: Foul Ball, location: 2F 1-2: Foul Ball, location: 2F 1-2: Foul Ball, location: 2F 1-2: Ball 2-2: Ball 3-2: Fly out, F8 (Line Drive, 8LS)
|
Bottom of the 8th over - 0 run(s), 0 hit(s), 0 error(s), 0 left on base; Vista 5 - Irvine 2 |
TOP OF THE 9TH |
Vista Panthers batting - Pitching for Irvine Gang Green : RHP Mike Fisher
|
Pitching: RHP Kuang-yin Yue
|
|
Batting: LHB Donovan Bird
|
0-0: Ball 1-0: Foul Ball, location: 2F 1-1: Ball 2-1: Ball 3-1: Base on Balls
|
Batting: SHB Mark Wells
|
0-0: Foul Ball, location: 2F 0-1: Ground out 4-3 (Groundball, 34D) Donovan Bird to second
|
Batting: RHB Cisco Gatán
|
0-0: Ball 1-0: Called Strike 1-1: Ground out 6-3 (Groundball, 6)
|
Batting: LHB Francisco Marino
|
0-0: SINGLE (Groundball, 34D) Donovan Bird to third Runner from 3rd tries for Home, SAFE, no throw
|
Batting: RHB Roberto Cruz
|
0-0: Ball 1-0: Foul Ball, location: 2F 1-1: Called Strike 1-2: Ball 2-2: Ball 3-2: Strikes out swinging
|
Top of the 9th over - 1 run(s), 1 hit(s), 0 error(s), 1 left on base; Vista 6 - Irvine 2 |
BOTTOM OF THE 9TH |
Irvine Gang Green batting - Pitching for Vista Panthers : RHP Mitsunari Taguchi
|
Batting: RHB José Salazar
|
0-0: Called Strike 0-1: Ball 1-1: Swinging Strike 1-2: Foul Ball, location: 2F 1-2: Ball 2-2: Ball 3-2: Base on Balls
|
Pitching: RHP José Betancourt
|
|
Batting: LHB Leonardo Medina
|
0-0: DOUBLE (Line Drive, 3D) José Salazar to third José Salazar scores
|
Pitching: RHP David Simpson
|
|
Batting: LHB Tom Baker
|
0-0: Foul Ball, location: 2F 0-1: Ball Wild Pitch! Leonardo Medina to third 1-1: Ball 2-1: SINGLE (Groundball, 34D) Leonardo Medina scores
|
Pinch Hitting: RHB Eichiro Yamamoto
|
0-0: Fielders Choice at 2nd, 4-6 (Groundball, 4MD)
|
Pinch Hitting: RHB Manny Copriviza
|
0-0: Fly out, F8 (Flyball, 8LXD)
|
Batting: LHB Jesús Campos
|
0-0: Called Strike 0-1: Ball 1-1: Swinging Strike 1-2: Strikes out swinging
|
Bottom of the 9th over - 2 run(s), 2 hit(s), 0 error(s), 1 left on base; Vista 6 - Irvine 4 |
|